 Dungeon Crawl Stone Soup version 0.20-a0-1122-gb7cbeb9 (webtiles) character file.

47502 MirrMurr the Warrior (level 14, -19/125 (126) HPs)
             Began as a Merfolk Berserker on May 11, 2017.
             Was a High Priest of Trog.
             Demolished by a death ooze (23 damage)
             ... on level 6 of the Lair of Beasts.
             The game lasted 00:50:00 (18238 turns).

MirrMurr the Warrior (Merfolk Berserker)           Turns: 18238, Time: 00:50:00

HP:   -19/125 (126) AC: 17    Str: 20    XL:     14   Next: 42%
MP:   14/14         EV: 16    Int:  8    God:    Trog [*****.]
Gold: 776           SH:  0    Dex: 16    Spells: 13/13 levels left

rFire    + . .     SeeInvis +   N - +6 glaive (distort)
rCold    . . .     Gourm    .   (shield currently unavailable)
rNeg     . . .     Faith    .   k - +0 chain mail
rPois    .         Spirit   .   D - +3 crown of Dyrovepreva {rElec Int+2 SInv}
rElec    +         Reflect  .   (no cloak)
rCorr    .         Harm     .   O - +0 pair of gloves
MR       ++...                  Z - +1 pair of boots
Stlth    ..........             m - amulet of regeneration
Regen    0.7/turn               p - ring of protection from magic
MPRegen  0.2/turn               e - ring of protection from fire

@: slowed, very slow
A: change form in water, swift swim, stealthy swim
a: Berserk, Trog's Hand, Brothers in Arms, Burn Spellbooks, Renounce Religion


You were on level 6 of the Lair of Beasts.
You worshipped Trog.
Trog was extremely pleased with you.
You were not hungry.

You visited 3 branches of the dungeon, and saw 19 of its levels.

You collected 1408 gold pieces.
You spent 632 gold pieces at shops.

Inventory:

Hand Weapons
 a - a +1 trident of flaming
 b - a +2 hunting sling of freezing
 v - a +3 antimagic spear
 N - a +6 glaive of distortion (weapon)
 X - a +0 glaive of flaming
Missiles
 g - 510 stones
 o - 109 poisoned needles
 y - 76 sling bullets
 U - 8 javelins (quivered)
Armour
 k - a +0 chain mail (worn)
 D - the +3 crown of Dyrovepreva (worn) {rElec Int+2 SInv}
   (You found it on level 11 of the Dungeon)

   It affects your intelligence (+2).
   It insulates you from electricity.
   It lets you see invisible.
 K - a +2 buckler of poison resistance
 O - a +0 pair of gloves (worn)
 Z - a +1 pair of boots (worn)
Jewellery
 e - a ring of protection from fire (right hand)
 i - an uncursed ring of resist corrosion {unknown}
 m - an amulet of regeneration (around neck)
 p - a ring of protection from magic (left hand)
 A - an uncursed ring of protection from magic
 W - an uncursed ring of see invisible {unknown}
Wands
 t - a wand of flame (12/48)
 E - a wand of scattershot (2/9)
 H - a wand of digging (10/24)
 J - a wand of enslavement (15/24)
 M - a wand of iceblast (3/15)
 S - a wand of paralysis (10/24)
 T - a wand of confusion (11/48)
Scrolls
 l - 2 scrolls of holy word
 r - 4 scrolls of remove curse
 w - 2 scrolls of blinking
 B - 8 scrolls of teleportation
 C - 3 scrolls of magic mapping
 I - 4 scrolls of fog
 P - 2 scrolls of recharging
 Y - a scroll of enchant weapon
Potions
 d - 10 potions of curing
 f - a potion of resistance
 h - 2 potions of brilliance
 j - 2 potions of invisibility
 n - 2 potions of mutation
 s - 2 potions of haste
 u - 3 potions of lignification
 x - 5 potions of heal wounds
 z - a potion of berserk rage
 F - a potion of magic
 G - 2 potions of might
 L - 4 potions of flight
Comestibles
 c - 10 bread rations
 q - 9 meat rations
 Q - 18 royal jellies
 R - 6 fruits
 V - 18 chunks of flesh


   Skills:
 * Level 16.4 Fighting
 - Level 15.8 Polearms
 + Level 7.4 Armour
 + Level 14.9 Dodging
 - Level 4.5 Shields


You had 13 spell levels left.
You didn't know any spells.

Dungeon Overview and Level Annotations

Branches:
Dungeon (12/15)            Temple (1/1) D:7            Lair (6/6) D:8
 Shoals (0/4) Lair:4        Snake (0/4) Lair:4        Slime (0/5) Lair:6
    Orc (0/2) D:11

Altars:
Ashenzari
Cheibriados
Dithmenos
Elyvilon
Hepliaklqana
Okawaru
Uskayaw
Wu Jian
Xom
Zin
Jiyva

Shops:
D:9 *   D:10 ?   D:11 [

Annotations:
Lair:2 exclusion: oklob plant
Lair:6 MirrMurr's ghost, journeyman MfBe


Message History

The blink frog blinks!
MirrMurr's ghost hits you!!
You slash the death ooze!
Space bends around the death ooze.
The death ooze is heavily damaged.
The death ooze barely misses you. The death ooze misses you.
MirrMurr's ghost completely misses you. The death ooze barely misses you.
The death ooze hits you!
* * * LOW HITPOINT WARNING * * *
You slash the death ooze!
The death ooze looks slightly unstable.
The death ooze is severely damaged.
The death ooze hits you!
* * * LOW HITPOINT WARNING * * *
You feel your flesh rotting away! The death ooze barely misses you.
MirrMurr's ghost sneers, "Do you call that fighting?"
MirrMurr's ghost hits you!
* * * LOW HITPOINT WARNING * * *
The death ooze closely misses you. The death ooze misses you.
You slash the death ooze!
The death ooze seems more stable.
The death ooze is almost destroyed.
The death ooze hits you!!
You die...

.##. #..W.P#..
##.J #..#####P
#..# #..### ##
#.######...P####
#.#P#.....P.....
###JJF..w.........
#JWwY..#..........
#JJ######..#....##
#@## ##.###### ###
###


You could see an elephant, a tyrant leech, a slime creature, 2 death oozes, a
blink frog, 2 jellies and MirrMurr's ghost.

Vanquished Creatures
  5 hydras
  Erica (D:8)
  5 two-headed ogres
  2 catoblepae
  3 skeletal warriors (D:12)
  An unseen horror (D:11)
  A deep elf mage (D:10)
  2 ugly things
  A manticore (Lair:4)
  A cyclops (D:12)
  4 elephants
  4 black mambas
  Psyche (D:8)
  2 centaur skeletons
  8 spiny frogs
  4 komodo dragons
  3 meliai (D:12)
  4 trolls
  2 hornets
  A queen bee (D:12)
  Grinder (D:3)
  4 slime creatures (D:12)
  5 hippogriffs
  9 blink frogs
  A wraith (D:12)
  A shadow (D:11)
  A vampire (D:11)
  38 yaks
  6 wyverns
  2 vampire mosquitoes
  2 hungry ghosts
  2 steam dragons
  2 basilisks
  Edmund (D:5)
  An acid dragon (D:11)
  A soldier ant (D:11)
  14 water moccasins
  4 porcupines
  3 sky beasts
  3 black bears
  An eye of draining (D:11)
  A wolf (Lair:5)
  4 ogres
  5 phantoms
  2 orc warriors
  4 centaurs
  7 crocodiles
  2 big kobolds
  A bullfrog (shapeshifter) (D:12)
  26 bullfrogs
  5 scorpions
  20 killer bees
  19 wights
  2 electric eels (Lair:2)
  2 howler monkeys
  5 crimson imps
  2 bullfrog zombies
  6 hounds
  2 centaur zombies
  2 jellies
  5 orc priests
  8 orc wizards
  4 bullfrog skeletons
  3 iguanas
  Jessica (D:3)
  8 hell rats (Lair:1)
  6 worker ants
  A killer bee zombie (D:6)
  2 hound zombies
  2 hound skeletons
  A howler monkey skeleton (D:5)
  3 gnolls (D:7)
  16 river rats (Lair:1)
  12 adders
  2 shadow imps
  4 oozes
  4 adder skeletons
  3 worms
  3 dart slugs
  7 leopard geckos
  47 orcs
  7 bats
  10 giant cockroaches
  9 goblins
  7 hobgoblins
  19 jackals
  15 kobolds
  6 quokkas
  3 frilled lizards
  A leopard gecko skeleton (D:8)
  19 rats
512 creatures vanquished.

Vanquished Creatures (others)
  A hydra (Lair:4)
  2 skeletal warriors (D:12)
  An elephant (Lair:5)
  A manticore (D:12)
  3 spiny frogs
  A komodo dragon (Lair:5)
  A hippogriff (Lair:2)
  7 yaks
  A spriggan (D:10)
  A water moccasin (Lair:3)
  An orc warrior (D:8)
  A crocodile (Lair:1)
  A wolf (Lair:5)
  A bullfrog (Lair:4)
  A killer bee (D:12)
  A howler monkey (D:11)
  An orc wizard (D:9)
  2 orcs (D:9)
  A kobold (D:10)
  9 fungi
  23 plants
61 creatures vanquished.

Grand Total: 573 creatures vanquished

Notes
Turn   | Place    | Note
-------+----------+-------------------------------------------
     0 | D:1      | MirrMurr the Merfolk Berserker began the quest for the Orb.
     0 | D:1      | Reached XP level 1. HP: 18/18 MP: 1/1
   167 | D:1      | Reached XP level 2. HP: 23/24 MP: 2/2
   173 | D:1      | Reached skill level 5 in Polearms
   682 | D:1      | Reached XP level 3. HP: 18/29 MP: 3/3
  1258 | D:2      | Reached ** piety under Trog
  1413 | D:2      | Found an iron altar of Okawaru.
  1419 | D:2      | Reached XP level 4. HP: 32/37 MP: 4/4
  1537 | D:2      | You fall through a shaft!
  1741 | D:3      | Found a faded altar of an unknown god.
  2262 | D:3      | Noticed Jessica
  2281 | D:3      | Killed Jessica
  2281 | D:3      | Reached skill level 4 in Fighting
  2281 | D:3      | Reached XP level 5. HP: 42/42 MP: 5/5
  2306 | D:3      | Found a glowing silver altar of Zin.
  2309 | D:3      | Found a snail-covered altar of Cheibriados.
  2314 | D:3      | Found an ornate altar of the Wu Jian Council.
  2370 | D:3      | Reached *** piety under Trog
  2558 | D:3      | Noticed Grinder
  2588 | D:3      | Killed Grinder
  2588 | D:3      | Reached skill level 5 in Dodging
  2588 | D:3      | Reached XP level 6. HP: 49/49 MP: 6/6
  2932 | D:4      | Reached XP level 7. HP: 33/55 MP: 7/7
  3318 | D:4      | Reached skill level 5 in Fighting
  4076 | D:5      | Entered Level 5 of the Dungeon
  4090 | D:5      | Noticed Edmund
  4123 | D:5      | Killed Edmund
  4123 | D:5      | Reached XP level 8. HP: 64/64 MP: 8/8
  4206 | D:5      | Reached skill level 10 in Polearms
  4235 | D:5      | Found an ornate altar of the Wu Jian Council.
  4310 | D:5      | Found a white marble altar of Elyvilon.
  4364 | D:5      | Found a shimmering altar of Xom.
  4368 | D:5      | Found a hazy altar of Hepliaklqana.
  4409 | D:5      | Reached skill level 6 in Fighting
  4687 | D:5      | Got a scorched garnet amulet
  4840 | D:5      | Found a hide-covered altar of Uskayaw.
  5137 | D:6      | Reached **** piety under Trog
  5581 | D:6      | Reached XP level 9. HP: 71/71 MP: 9/9
  5709 | D:6      | Reached skill level 7 in Fighting
  5923 | D:6      | Found a shadowy altar of Dithmenos.
  6025 | D:6      | Noticed a troll
  6041 | D:6      | Killed a troll
  6069 | D:6      | Noticed a two-headed ogre
  6095 | D:6      | Killed a two-headed ogre
  6390 | D:7      | Identified the amulet "Zucento" {Inacc +Inv rElec rF- Int+8} (You found it on level 5 of the Dungeon)
  6546 | D:7      | Found a shattered altar of Ashenzari.
  6719 | D:7      | Reached skill level 8 in Fighting
  7002 | D:7      | Reached XP level 10. HP: 75/80 MP: 10/10
  7304 | D:7      | Found a hide-covered altar of Uskayaw.
  7429 | D:7      | Found a staircase to the Ecumenical Temple.
  7438 | Temple   | Entered the Ecumenical Temple
  7662 | D:8      | Noticed Psyche
  7677 | D:8      | Paralysed by Psyche for 6 turns
  7732 | D:8      | Found a staircase to the Lair.
  7953 | D:8      | Reached skill level 10 in Dodging
  8024 | D:8      | Noticed Erica
  8026 | D:8      | Noticed a two-headed ogre
  8075 | D:8      | Killed Erica
  8075 | D:8      | Reached skill level 15 in Polearms
  8225 | D:8      | Paralysed by something for 7 turns
  8244 | D:8      | Killed Psyche
  8251 | D:8      | Reached skill level 9 in Fighting
  8689 | D:8      | Killed a two-headed ogre
  9008 | D:9      | Reached XP level 11. HP: 89/89 MP: 8/11
  9082 | D:9      | Found Jattidun's General Store.
  9090 | D:9      | Bought a +1 buckler of poison resistance for 216 gold pieces
  9160 | D:9      | Reached skill level 1 in Shields
  9380 | D:9      | Reached ***** piety under Trog
  9770 | D:10     | Entered Level 10 of the Dungeon
  9823 | D:10     | Noticed a catoblepas
  9904 | D:10     | Noticed a two-headed ogre
  9914 | D:9      | Reached skill level 10 in Fighting
  9948 | D:10     | Noticed a two-headed ogre
 10068 | D:9      | Killed a two-headed ogre
 10170 | D:10     | Noticed a two-headed ogre
 10470 | D:10     | Killed a two-headed ogre
 10560 | D:10     | Killed a two-headed ogre
 10560 | D:10     | Reached skill level 11 in Fighting
 10573 | D:10     | Found Diroagg's Magic Scroll Shop.
 10581 | D:10     | Bought a scroll of brand weapon for 320 gold pieces
 10582 | D:10     | Bought a scroll of fog for 32 gold pieces
 10582 | D:10     | Bought a scroll of identify for 32 gold pieces
 10582 | D:10     | Bought a scroll of identify for 32 gold pieces
 10730 | D:10     | You fall through a shaft!
 10900 | D:11     | Found a staircase to the Orcish Mines.
 10997 | D:11     | Received a gift from Trog
 11336 | D:11     | @> F U Trog
 11417 | D:11     | Found Ruattil's Antique Armour Shoppe.
 11505 | D:10     | Killed a catoblepas
 11711 | D:10     | Noticed a deep elf mage
 11717 | D:10     | Killed a deep elf mage
 11717 | D:10     | Reached XP level 12. HP: 100/100 MP: 12/12
 11865 | D:11     | Noticed an eight-headed hydra
 12031 | D:11     | Killed a 17-headed hydra
 12031 | D:11     | Reached skill level 12 in Fighting
 12121 | D:11     | Noticed a two-headed ogre
 12850 | D:12     | Reached skill level 13 in Fighting
 12882 | D:12     | Reached skill level 5 in Armour
 13060 | D:12     | Reached XP level 13. HP: 94/112 MP: 13/13
 13253 | D:12     | Reached skill level 14 in Fighting
 13389 | Lair:1   | Entered Level 1 of the Lair of Beasts
 13516 | Lair:1   | Received a gift from Trog
 14763 | Lair:2   | Received a gift from Trog
 15746 | Lair:3   | Reached skill level 15 in Fighting
 16189 | Lair:4   | Found a staircase to the Shoals.
 16293 | Lair:4   | Found a staircase to the Snake Pit.
 16630 | Lair:4   | Reached XP level 14. HP: 123/123 MP: 14/14
 17183 | Lair:5   | Identified a scroll of acquirement
 17319 | Lair:5   | Reached skill level 16 in Fighting
 17996 | Lair:6   | Entered Level 6 of the Lair of Beasts
 18003 | Lair:6   | Noticed MirrMurr's ghost (journeyman MfBe)
 18061 | Lair:5   | Received a gift from Trog
 18098 | Lair:6   | Found a viscous altar of Jiyva.
 18098 | Lair:6   | Found a staircase to the Slime Pits.
 18237 | Lair:6   | HP: 3/125 [MirrMurr's ghost (12)]
 18238 | Lair:6   | Demolished by a death ooze

Vault maps used:
D:1:      dpeg_arrival_orchard, hangedman_decor_diamond_cutter
D:2:      minmay_wonky_spiral, okawaru_trees_2, serial_glass, glass_columns_a,
          glass_columns_b, first_bread
D:3:      grunt_temple_overflow_diamond, chequers_ecumenical_altar_island,
          uniq_grinder, uniq_jessica
D:5:      nicolae_overflow_hidden_temple, basic_altar, uniq_edmund
D:6:      kennysheep_steamy, nicolae_dithmenos_through_a_glass_darkly,
          minmay_three_doors
D:7:      cheibrodos_ashenzari_chains, temple_hall, basic_altar, st_stairs_1
D:8:      david_lair_shrubbed, uniq_erica, uniq_psyche
D:9:      serial_shops, shop
D:10:     serial_shops, shop, hangedman_stone_soup
D:11:     orc_0_dummy, serial_shops, shop_fountains
D:12:     special_room
Temple:   minmay_temple_bridge_abc
Lair:1:   lemuel_ratsnest, lemuel_fruit_tree
Lair:2:   guppyfry_lair_drakes, serial_bayou_shore_a, minmay_lair_oklob_chamber
Lair:4:   minmay_shoals_entry_beasts, dummy_snake_entry, minivault_11,
          beast_lair_carwin_10, infiniplex_staircase_pool, serial_bayou_shore_b,
          grunt_megastairs_2
Lair:5:   serial_bayou_ford_a
Lair:6:   minmay_lair_end_frog_pond, slime_altar_1, special_room,
          nicolae_lair_grove_arrangements, minmay_stone_trees_medium

Skill      XL: |  1  2  3  4  5  6  7  8  9 10 11 12 13 14 |
---------------+-------------------------------------------+-----
Dodging        | 3 4 5 6 8 9 11 13 14 | 14.9
Polearms       | 5 6 7 8 9 11 13 15 | 15.8
Fighting       | 4 5 6 8 9 11 13 15 16 | 16.4
Shields        | 4 |  4.5
Armour         | 3 5 6 7 |  7.4

Action                   |  1- 3 |  4- 6 |  7- 9 | 10-12 | 13-15 || total
-------------------------+-------+-------+-------+-------+-------++-------
Melee: Spear             |   121 |   162 |   475 |       |       ||   758
       Trident           |       |       |    21 |   607 |       ||   628
       Glaive            |       |       |       |   239 |   522 ||   761
       Tailslap          |       |       |       |       |     2 ||     2
 Fire: Hunting sling     |       |    43 |   124 |       |       ||   167
Invok: Trog's Hand       |       |     2 |     3 |     5 |     1 ||    11
       Berserk           |       |     1 |     8 |    19 |     9 ||    37
       Burn Spellbooks   |       |       |       |     1 |       ||     1
  Use: Scroll            |       |     7 |     9 |    10 |    11 ||    37
  Eat: Chunk             |     2 |     6 |    11 |    37 |    19 ||    75
       Fruit             |       |       |     5 |     6 |     8 ||    19
       Royal jelly       |       |       |     3 |     1 |       ||     4
Armor: Robe              |    11 |       |       |       |       ||    11
       Animal skin       |     1 |       |       |       |       ||     1
       Leather armour    |     3 |     2 |       |       |       ||     5
       Ring mail         |       |     7 |       |       |       ||     7
       Scale mail        |       |    16 |       |       |       ||    16
       Chain mail        |       |     5 |   133 |   203 |   194 ||   535
Dodge: Dodged            |    57 |    64 |   142 |   306 |   314 ||   883
Block: Buckler           |       |       |       |    72 |       ||    72
